 Dungeon Crawl Stone Soup version 0.28.0-45-g0d030f2227 (webtiles) character file.

Game seed: 16446674367099056260

10834 pkoi the Destroyer (level 11, -2/82 HPs)
             Began as a Demigod Conjurer on Apr 21, 2022.
             Killed by an exploding blink frog (12 damage)
             ... ignited by their inner flame
             ... on level 1 of the Lair of Beasts on Apr 22, 2022.
             The game lasted 00:22:41 (16452 turns).

pkoi the Destroyer (Demigod Conjurer)              Turns: 16452, Time: 00:22:42

Health: -2/82      AC: 16    Str:  8    XL:     11   Next: 18%
Magic:  2/20       EV: 10    Int: 38    God:
Gold:   511        SH:  0    Dex: 12    Spells: 1/18 levels left

rFire   + + .      SeeInvis .   D - staff of fire
rCold   . . .      Faith    .   (no shield)
rNeg    . . .      Spirit   .   g - +3 ring mail {rF+}
rPois   .          Reflect  .   w - +1 hat
rElec   .          Harm     .   s - +1 cloak
rCorr   .          Rampage  .   (no gloves)
Will    +....                   (no boots)
Stlth   +.........              (no amulet)
HPRegen 0.23/turn               f - +4 ring of protection
MPRegen 0.17/turn               x - +6 ring of intelligence

@: no status effects
A: high MP 1, forlorn, divine attributes
a: no special abilities


You were on level 1 of the Lair of Beasts.
You visited 3 branches of the dungeon, and saw 13 of its levels.
You also visited: Sewer.

You collected 511 gold pieces.

Inventory:

Hand Weapons
 b - the +10 eveningstar of Ascent {vamp, rPois rF+}
   (You acquired it on level 1 of the Dungeon)

   It occasionally heals its wielder for a portion of the damage dealt when it
   wounds a living foe.
   rF:        It protects you from fire.
   rPois:     It protects you from poison.
 c - a +1 short sword
Armour
 g - a +3 ring mail of fire resistance (worn)
 n - the +3 leather armour of Mordant Music {rPois rCorr Slay-3 Stlth+}
   (You found it on level 7 of the Dungeon)

   Slay:      It affects your accuracy & damage with ranged weapons and melee
   (-3).
   rPois:     It protects you from poison.
   rCorr:     It protects you from acid and corrosion.
   Stlth:     It makes you more stealthy.
 s - a +1 cloak (worn)
 w - a +1 hat (worn)
Magical Staves
 D - a staff of fire (weapon)
Jewellery
 f - a +4 ring of protection (left hand)
 r - a ring of resist corrosion
 x - a +6 ring of intelligence (right hand)
Wands
 k - a wand of flame (23)
 q - a wand of polymorph (10)
 u - a wand of digging (6)
 v - a wand of paralysis (13)
 y - a wand of iceblast (6)
 C - a wand of acid (7)
Scrolls
 i - a scroll of fear
 j - 2 scrolls of enchant weapon
 l - 2 scrolls of blinking
 z - a scroll of teleportation
 B - 2 scrolls of identify
Potions
 a - a potion of berserk rage
 d - 3 potions of mutation {unknown}
 e - 2 potions of brilliance {unknown}
 h - a potion of might
 m - 4 potions of curing
 o - a potion of heal wounds
 p - a potion of haste
 t - 3 potions of lignification {unknown}
 A - a potion of attraction {unknown}


   Skills:
 - Level 3.0 Fighting
 + Level 7.0 Maces & Flails
 + Level 6.5 Armour
 - Level 1.7 Dodging
 - Level 1.7 Stealth
 - Level 4.0 Spellcasting
 + Level 8.5 Conjurations
 + Level 5.9 Hexes
 + Level 3.1 Translocations
 + Level 6.9 Fire Magic


You had one spell level left.
You knew the following spells:

 Your Spells              Type           Power      Damage    Failure   Level
a - Magic Dart            Conj           100%       1d8       1%          1
b - Searing Ray           Conj           100%       2d8       1%          2
c - Conjure Flame         Conj/Fire      79%        6-21      1%          3
d - Inner Flame           Hex/Fire       71%        N/A       1%          3
e - Fulminant Prism       Conj/Hex       29%        3d14      4%          4
f - Iskenderun's Mystic   Conj/Tloc      51%        2d11      9%          4

Your spell library contained the following spells:

 Spells                   Type           Power      Damage    Failure   Level
 Foxfire                  Conj/Fire      100%       2x1d9     1%          1
 Freeze                   Ice            28%        1d5       10%         1
 Sandblast                Erth           14%        2d6       10%         1
 Dazzling Flash           Conj/Hex       100%       N/A       1%          3
 Stone Arrow              Conj/Erth      80%        3d12      4%          3
 Flame Wave               Conj/Fire      79%        2d14      4%          4
 Sticky Flame             Conj/Fire      79%        2d9       4%          4
 Ignite Poison            Fire/Tmut/Pois 37%        N/A       12%         3
 Fireball                 Conj/Fire      39%        3d16      12%         5
 Passwall                 Tmut/Erth      5%         N/A       14%         2
 Hailstorm                Conj/Ice       40%        3d10      17%         4
 Frozen Ramparts          Ice            14%        1d3       28%         3
 Starburst                Conj/Fire      39%        6d11      54%         6
 Summon Mana Viper        Hex/Summ       30%        N/A       63%         5
 Ice Form                 Ice/Tmut       7%         N/A       67%         4
 Summon Ice Beast         Ice/Summ       7%         N/A       67%         4
 Simulacrum               Ice/Necr       3%         N/A       100%        6
 Monstrous Menagerie      Summ           3%         N/A       100%        7
 Ignition                 Fire           37%        3d11      100%        8


Dungeon Overview and Level Annotations

Branches:
Dungeon (11/15)            Temple (1/1) D:6            Lair (1/6) D:9
    Orc (0/2) D:10          Sewer (visited)

Shops:
D:7 [

Annotations:
D:7 2 transporters, powzer's ghost, novice MiBe
D:10 2 transporters, osoart's ghost, novice DsTm


Innate Abilities, Weirdness & Mutations

You have an increased reservoir of magic. (+10% MP)
You shall have no god before yourself.
Your divine heritage dramatically boosts your attributes as you level up.


Message History

* * * LOW HITPOINT WARNING * * *
The blink frog blinks!
The bullfrog is engulfed in blazing flames.
Flame seeps out of the bullfrog.
The bullfrog closely misses you.
You barely miss the bullfrog.
The bullfrog is heavily wounded.
The blink frog misses you.
The bullfrog is engulfed in blazing flames.
Flame seeps out of the bullfrog.
The bullfrog closely misses you. The blink frog hits you!
* * * LOW HITPOINT WARNING * * *
The blink frog blinks!
The bullfrog is engulfed in blazing flames.
The bullfrog explodes!
The fiery explosion engulfs you! You resist.
* * * LOW HITPOINT WARNING * * *
The fiery explosion engulfs the blink frog!!
The blink frog explodes!
The fiery explosion engulfs you. You resist.
* * * LOW HITPOINT WARNING * * *
Unknown command.
Unknown command.
Aiming: Magic Dart (safe; 1% risk of failure)
Press: ? - help, Q - select action, (/) - cycle Shift-Dir - straight line, f - blink frog
Aim: a blink frog (inner flame, 100% to hit)
The magic dart hits the blink frog.
Flame seeps out of the blink frog.
The blink frog is lightly wounded.
The blink frog is engulfed in blazing flames.
Flame seeps out of the blink frog.
The blink frog barely misses you.
Your magical contamination has completely faded away.
You hit the blink frog.
Flame seeps out of the blink frog.
You burn the blink frog.
Flame seeps out of the blink frog.
The blink frog is heavily wounded.
The blink frog is engulfed in blazing flames.
Flame seeps out of the blink frog.
The blink frog hits you but does no damage.
The blink frog is engulfed in blazing flames.
The blink frog explodes!
The fiery explosion engulfs you! You resist.
You die...

..#### #..............#
...#.#................#
......................##
........F...............
...................#
..##.####.####.....# ..# ##
##§§..# ..# #§○§.# . ..# #☼@§§#
... ..# #§§§§# ... ..# #.§§§#
#### ##... ..###
#....####P.####....
..P.###########..................
.................................
..................######>........
..................# #.#P.#....
.#######..........# #.+....#..


There were no monsters in sight!

Vanquished Creatures
  3 hydras (Lair:1)
  Erica (D:8)
  A manticore (D:9)
  2 cane toads (Lair:1)
  A rime drake (Lair:1)
  Psyche (D:10)
  A komodo dragon (Lair:1)
  2 trolls (D:9)
  A hornet (D:8)
  4 blink frogs (Lair:1)
  2 shadows (D:10)
  A wraith (D:9)
  2 wyverns (D:9)
  4 yaks (Lair:1)
  A steam dragon (D:8)
  2 water moccasins
  A black bear (D:8)
  2 orc warriors
  An ice beast (D:7)
  2 sky beasts
  6 wolves (Lair:1)
  3 ogres
  3 centaurs
  A kobold brigand (D:7)
  7 bullfrogs
  A scorpion (D:7)
  7 killer bees (D:9)
  4 wights (D:6)
  3 howler monkeys
  2 hounds (D:6)
  4 jellies
  A lava snake (D:7)
  A bullfrog skeleton (D:5)
  A gnoll shaman (D:7)
  5 orc priests
  A centaur skeleton (D:7)
  3 iguanas
  Terence (D:3)
  Natasha (thrice) (D:2)
  7 orc wizards
  2 killer bee zombies
  A hound zombie (D:5)
  Robin (D:3)
  6 gnolls
  7 adders
  A white imp (D:6)
  6 worms
  5 dart slugs
  17 orcs
  9 bats
  4 endoplasms
  7 giant cockroaches
  9 goblins
  12 hobgoblins
  10 kobolds
  6 quokkas
  22 ball pythons
  10 frilled lizards
  7 rats
  2 rat zombies (D:8)
243 creatures vanquished.

Vanquished Creatures (others)
  4 fulminant prisms (Lair:1)
  7 fungi
  17 plants
28 creatures vanquished.

Grand Total: 271 creatures vanquished

Notes
Turn   | Place    | Note
-------+----------+-------------------------------------------
     0 | D:1      | pkoi the Demigod Conjurer began the quest for the Orb.
     0 | D:1      | Reached XP level 1. HP: 14/14 MP: 5/5
   564 | D:1      | Reached skill level 4 in Conjurations
   618 | D:1      | Reached XP level 2. HP: 18/20 MP: 0/7
   701 | D:1      | Learned a level 2 spell: Searing Ray
  1385 | D:1      | Identified a scroll of acquirement
  1387 | D:1      | Acquired the +10 eveningstar of Ascent {vamp, rPois rF+}
  1739 | D:2      | Reached XP level 3. HP: 26/26 MP: 6/8
  2105 | D:2      | Reached skill level 1 in Maces & Flails
  2300 | D:2      | Noticed Natasha
  2304 | D:2      | Killed Natasha
  2477 | D:2      | Reached XP level 4. HP: 34/34 MP: 7/9
  2587 | D:2      | Noticed Natasha
  2591 | D:2      | Killed Natasha
  2631 | D:2      | Noticed Natasha
  2640 | D:2      | Killed Natasha
  2641 | D:2      | Reached skill level 1 in Fighting
  2911 | D:3      | Noticed Robin
  2930 | D:3      | Reached skill level 5 in Conjurations
  2933 | D:3      | Killed Robin
  3282 | D:3      | Identified the +8 long sword "Egustrony" {vorpal, *Noise
                  | rN+ Str+7 Dex+2}
  3425 | D:3      | Reached XP level 5. HP: 40/40 MP: 9/11
  3722 | D:3      | Noticed Terence
  3732 | D:3      | Killed Terence
  3733 | D:3      | Reached skill level 1 in Fire Magic
  4233 | D:4      | Learned a level 3 spell: Conjure Flame
  4233 | D:4      | Noticed an ogre
  4238 | D:4      | Killed an ogre
  4493 | D:4      | Noticed an ogre
  4498 | D:4      | Killed an ogre
  4499 | D:4      | Reached skill level 1 in Armour
  4499 | D:4      | Reached XP level 6. HP: 48/48 MP: 6/12
  5584 | D:5      | Entered Level 5 of the Dungeon
  5669 | D:5      | Found a glowing drain.
  5684 | Sewer    | Entered a sewer
  5923 | Sewer    | Reached XP level 7. HP: 56/56 MP: 10/14
  7864 | D:6      | Learned a level 3 spell: Inner Flame
  7870 | D:6      | Found a staircase to the Ecumenical Temple.
  7905 | Temple   | Entered the Ecumenical Temple
  8187 | D:6      | Reached XP level 8. HP: 11/62 MP: 8/16
  8498 | D:6      | Reached skill level 6 in Conjurations
  8498 | D:6      | Reached skill level 1 in Hexes
  8703 | D:6      | Learned a level 4 spell: Fulminant Prism
  9575 | D:7      | Found Cheibriados's Comfort Zone.
  9626 | D:7      | Identified the +3 leather armour of Mordant Music {rPois
                  | rCorr Slay-3 Stlth+}
 10009 | D:7      | Noticed powzer's ghost (novice MiBe)
 10029 | D:7      | Found a transporter.
 10037 | D:7      | Found a transporter.
 11131 | D:8      | Reached XP level 9. HP: 69/69 MP: 18/18
 11692 | D:8      | Noticed Erica
 11698 | D:8      | Killed Erica
 11699 | D:8      | Reached skill level 5 in Maces & Flails
 11699 | D:8      | Reached skill level 7 in Conjurations
 11699 | D:8      | Reached skill level 5 in Fire Magic
 12441 | D:9      | Found a staircase to the Lair.
 12463 | D:9      | Noticed a manticore
 12467 | D:9      | Killed a manticore
 12468 | D:9      | Reached skill level 5 in Armour
 13121 | D:9      | Reached XP level 10. HP: 66/77 MP: 4/19
 13979 | D:10     | Entered Level 10 of the Dungeon
 13995 | D:10     | Noticed Psyche
 14006 | D:10     | Killed Psyche
 14191 | D:10     | Noticed a glowing orange brain
 14192 | D:10     | Found a transporter.
 14215 | D:10     | Found a transporter.
 14286 | D:10     | Noticed osoart's ghost (novice DsTm)
 14370 | D:10     | Learned a level 4 spell: Iskenderun's Mystic Blast
 14811 | D:10     | Reached skill level 5 in Hexes
 15000 | D:10     | Found a staircase to the Orcish Mines.
 15071 | Lair:1   | Entered Level 1 of the Lair of Beasts
 15278 | Lair:1   | Noticed a four-headed hydra
 15285 | Lair:1   | Killed a four-headed hydra
 15286 | Lair:1   | Reached skill level 8 in Conjurations
 15286 | Lair:1   | Reached skill level 1 in Translocations
 15681 | Lair:1   | Noticed a four-headed hydra
 15686 | Lair:1   | Killed a four-headed hydra
 15893 | Lair:1   | Noticed an eight-headed hydra
 15905 | Lair:1   | Killed an eight-headed hydra
 15906 | Lair:1   | Reached XP level 11. HP: 53/82 MP: 2/20
 16452 | Lair:1   | Killed by an exploding blink frog... ignited by their inner
                  | flame

Illustrated notes

Levels and vault maps discovered:
D:1:      wander_arrival_estate, layout_loops_cross,
          wander_ebering_terrifying_dragon_lair
D:2:      layout_basic, minmay_misc_feat_rugged, uniq_natasha
D:3:      layout_basic, chequers_serial_rivers_marsh, uniq_terence, uniq_robin
D:4:      layout_gridville, minmay_misc_feat_five,
          chequers_serial_rivers_small_b
D:5:      layout_loops_ring, nicolae_ru_the_path_less_chosen,
          cheibrodos_sewer_entry_sluice, minmay_misc_feat_roman,
          hangedman_glass_teeth
D:6:      layout_gridville, minmay_temple_entry_ruins,
          kennysheep_generic_room_12
D:7:      layout_basic, gammafunk_ghost_arena, minmay_shop_chei,
          kennysheep_generic_room_16
D:8:      layout_loops_cross, lemuel_zombie_altar_kikubaaqudgha, chequers_jeans,
          uniq_erica
D:9:      layout_basic, dpeg_oklobed_lair, due_unseen_surprise
D:10:     layout_gridville, orc_0_dummy, gammafunk_ghost_abyssal_escape,
          uniq_psyche
D:11:     layout_loops_ring, nicolae_vehumet_altar_sigil
Temple:   regret_index_temple_chain_breaker
Lair:1:   layout_chaotic_city

Skill      XL: |  1  2  3  4  5  6  7  8  9 10 11 |
---------------+----------------------------------+-----
Conjurations   | 4 5 6 7 8 |  8.5
Maces & Flails | 1 2 3 4 5 6 7 |  7.0
Spellcasting   | 2 3 4 |  4.0
Fighting       | 1 2 3 |  3.0
Fire Magic     | 1 2 3 4 5 6 |  6.9
Armour         | 1 2 3 5 6 |  6.5
Hexes          | 2 4 5 |  5.9
Translocations | 2 3 |  3.1
Dodging        | |  1.7
Stealth        | |  1.7

Action                   |  1- 3 |  4- 6 |  7- 9 | 10-12 || total
-------------------------+-------+-------+-------+-------++-------
Melee: Unarmed           |     2 |       |       |       ||     2
       Short sword       |     6 |       |       |       ||     6
       Eveningstar       |    10 |    32 |    33 |    52 ||   127
       Punch             |       |     1 |     1 |       ||     2
       Staff             |       |       |       |     3 ||     3
 Cast: Magic Dart        |    90 |   110 |   171 |    44 ||   415
       Searing Ray       |       |     7 |    27 |     9 ||    43
       Inner Flame       |       |       |    17 |    19 ||    36
       Conjure Flame     |       |       |     1 |       ||     1
       Fulminant Prism   |       |       |       |     4 ||     4
       Iskenderun's Myst |       |       |       |     2 ||     2
  Use: Scroll            |     4 |     1 |     7 |     1 ||    13
 Stab: Sleeping          |     1 |     2 |     1 |       ||     4
Armor: Robe              |     3 |     2 |       |       ||     5
       Ring mail         |       |     8 |    43 |    54 ||   105
       Leather armour    |       |       |     9 |       ||     9
Dodge: Dodged            |     8 |    23 |    81 |    52 ||   164
